Unix NetHack Version 5.0.0-0 post-release - last build Jul 19 2026 19:10:59 (3aa4ab31751d3886436d94b585a96704892fd477,branch:main).

Game began 2026-07-27 17:59:02, ended 2026-07-28 19:25:19.

IceCreamJones, lawful male human Priest

                              --------
                            ---.|%...|
                            |........|----------
                            |.-.0.-00|.|.......|
                            |...-....0.|.......|
                            |.-....|...|.......|
                            |....-.--.-|...<...|
                            |..........|.......|
                            |.--.de|...|.......|--
                            |....-@|---|.......+.|
                            ---....------------|.|
                              |...>^............(|
                              --------------------

IceCreamJones the Adept      St:15 Dx:12 Co:17 In:7 Wi:15 Ch:13  Lawful
Dlvl:3  $:73 HP:0(60) Pw:95(95) AC:0  Xp:8 T:10866  Hungry  

Latest messages:
 There is a floating eye corpse here; eat it? [ynq] (n)
 This floating eye corpse is tough.
 You finish eating the floating eye corpse.
 You feel a strange mental acuity.
 N - 3 arrows (in quiver).
 U - a gem called red soft.
 What do you want to wield? [- akntuzM-O or ?*]
 a - a blessed rusty +2 mace (weapon in right hand).
 You escape a rolling boulder trap.
 Click!  You trigger a rolling boulder trap!
 No boulder was released.
 You see here a pick-axe.
 You have a little trouble lifting a pick-axe.  Continue? [ynq] (q)
 You have a little trouble lifting Q - a pick-axe.
 Your movements are slowed slightly because of your load.
 Click!  You trigger a rolling boulder trap!
 No boulder was released.
 You try to move the boulder, but in vain.
 What do you want to use or apply? [jlruwxBLQR or ?*]
 You now wield a pick-axe.
 You are beginning to feel hungry.
 In what direction do you want to dig? [786321>]
 You start hitting the boulder.
 You hit the boulder with all your might.
 The boulder falls apart.
 What do you want to wield? [- akntuzM-OQ or ?*]
 a - a blessed rusty +2 mace (weapon in right hand).
 You see here 24 rocks.
 What do you want to drop? [$a-zA-RTUY or ?*]
 You drop a pick-axe.
 Your movements are now unencumbered.
 Click!  You trigger a rolling boulder trap!
 No boulder was released.
 You hit the floating eye!
 You are frozen by the floating eye's gaze!
 The warg bites!
 The warg bites!
 The warg bites!
 The warg bites!
 The warg bites!
 The warg bites!
 The warg bites!
 The warg bites!
 The warg bites!
 You die...
 Do you want your possessions identified? [ynq] (y)
 Do you want to see your attributes? [ynq] (y)
 Do you want an account of creatures vanquished? [ynaq] (y)
 Do you want to see your conduct and achievements? [ynq] (y)
 Do you want to see the dungeon overview? [ynq] (y)

Inventory:
 Coins    ('$')
  $ - 73 gold pieces
 Weapons  (')')
  N - 3 +0 arrows (in quiver)
  O - 4 blessed poisoned +2 orcish arrows
  M - a blessed +2 bow (alternate weapon; not wielded)
  z - 12 blessed +2 darts
  n - 8 +0 darts
  k - 9 +0 shuriken
  t - a +0 aklys
  a - a blessed rusty +2 mace (weapon in right hand)
 Armor    ('[')
  m - a rusty +1 orcish helm (being worn)
  v - a +0 pair of leather gloves (being worn)
  D - a rusty +1 pair of iron shoes (being worn)
  F - a +0 small shield (being worn)
  J - a blessed +0 mummy wrapping
  b - a +0 robe (being worn)
  H - a +0 studded leather armor (being worn)
 Comestibles  ('%')
  c - a cram ration
  g - 6 food rations
  d - 2 lembas wafers
  f - 2 sprigs of wolfsbane
  C - 3 tripe rations
  h - a lichen corpse
  E - a lizard corpse
 Scrolls  ('?')
  p - a scroll of destroy armor
  y - a blessed scroll of earth
  A - a scroll of earth
  K - 2 scrolls of remove curse
  e - a cursed scroll of remove curse
  Y - a scroll of teleportation
  P - a cursed scroll of teleportation
 Potions  ('!')
  i - a potion of object detection
  G - a potion of sleeping
 Rings    ('=')
  T - a cursed -1 ring of increase accuracy
  o - a ring of see invisible
  q - a ring of slow digestion
  s - a ring of sustain ability
 Wands    ('/')
  R - a wand of cancellation (0:3)
  j - a wand of fire (0:6)
  x - a cursed wand of polymorph (0:4)
  l - a wand of striking (0:7)
  L - a wand of teleportation (0:8)
 Tools    ('(')
  B - a brass lantern
  r - a lock pick
  w - a magic whistle
  u - a +0 unicorn horn
 Gems/Stones  ('*')
  U - a worthless piece of red glass
  I - a worthless piece of violet glass

IceCreamJones the Priest's attributes:

Background:
 You were an Adept, a level 8 human Priest.
 You were lawful, on a mission for Lugh
 who was opposed by Brigit (neutral) and Manannan Mac Lir (chaotic).
 You were right-handed.
 You were in Sokoban, on level 3.
 You entered the dungeon 10866 turns ago.
 You had 1690 experience points, 870 more were needed to attain level 9.

Basics:
 You had 0 out of 60 hit points.
 You had all 95 energy points (spell power).
 Your armor class was 0.
 Your wallet contained 73 zorkmids.
 Autopickup was off.

Final Characteristics:
 Your strength was 15 (peak:18/01, limit:18/100).
 Your dexterity was 12 (limit:18).
 Your constitution was 17 (limit:18).
 Your intelligence was 7 (limit:18).
 Your wisdom was 15 (limit:18).
 Your charisma was 13 (limit:18).

Final Status:
 You were hungry.
 You were unencumbered.
 You were wielding a mace.
 You had expert skill with mace.

Final Attributes:
 You were piously aligned.
 You were telepathic.
 You were guarded.
 Your spell casting was enhanced by wearing a robe.
 You are dead.

Miscellaneous:
 You encountered 1 bones level.
 Total elapsed playing time was 2 hours, 22 minutes and 4 seconds.

Major events:
 Turn
    1: IceCreamJones the lawful human Priest entered the dungeon
 1378: attained the rank of Acolyte (level 3)
 1645: entered the Gnomish Mines
 4180: attained the rank of Adept (level 6)
 5401: reached Mine Town
 5545: found Magicbane in a shop
 5545: found Vorpal Blade in a shop
 8482: entered Sokoban
 8828: completed 1st Sokoban level
 9747: completed 2nd Sokoban level
10630: completed 3rd Sokoban level
10866: killed by a warg, while frozen by a floating eye's gaze

Spells:
 Name                 Level Category     Fail Retention
 healing                1   healing        0%   51%-60%
 protection             1   clerical       0%   51%-60%
 cause fear             3   enchantment   99%   51%-75%
 cure blindness         2   healing        0%   61%-70%
 create monster         2   clerical       0%   61%-70%

Skills:
 Fighting Skills
   bare handed combat [Unskilled]
 Weapon Skills
   club               [Unskilled]
   mace               [Expert]
   morning star       [Unskilled]
   flail              [Unskilled]
   hammer             [Unskilled]
   quarterstaff       [Unskilled]
   polearms           [Unskilled]
   spear              [Unskilled]
   trident            [Unskilled]
   lance              [Unskilled]
   bow                [Unskilled]
   sling              [Unskilled]
   crossbow           [Unskilled]
   dart               [Unskilled]
   shuriken           [Unskilled]
   boomerang          [Unskilled]
   unicorn horn       [Unskilled]
 Spellcasting Skills
   healing spells     [Basic]
   divination spells  [Unskilled]
   clerical spells    [Basic]

Voluntary challenges:
 Character rerolling was not enabled.
 You never genocided any monsters.
 You never polymorphed an object.
 You never changed form.
 You used no wishes.
 You did not violate any of the special Sokoban rules.
Achievements:
 You entered a shop.
 You attained the rank of Acolyte.
 You entered the Gnomish Mines.
 You attained the rank of Adept.
 You entered Minetown.
 You entered a temple.
 You entered Sokoban.

 The Dungeons of Doom: levels 1 to 7
    Level 1:
       A fountain.
    Level 2:
       A general store, an altar to Lugh, a fountain.
    Level 3:
       An armor shop.
       Stairs down to The Gnomish Mines.
    Level 4:
       Many fountains, a sink.
    Level 5:
       Many fountains.
    Level 6:
       A weapon shop, some fountains.
       Stairs up to Sokoban, level 5.
    Level 7:
       A fountain.
 The Gnomish Mines: levels 4 to 7
    Level 4:
    Level 5:
    Level 6:
       Some shops, a temple and an altar to Lugh, some fountains, a grave.
       Final resting place for
          yeovil-Wiz-Hum-Mal-Neu, killed by a killer bee.
    Level 7:
 Sokoban: levels 5 up to 3
    Level 3: <- You were here.
       Solved.
       Final resting place for
          you, killed by a warg, while frozen by a floating eye's gaze.
    Level 4:
       Solved.
    Level 5:
       Solved.


Vanquished creatures:
  a ghost
  2 small mimics
  a human mummy
  4 watchmen
  a crocodile
  a giant beetle
  a quivering blob
  a cockatrice
  2 wolves
  a winter wolf cub
  a horse
  a forest centaur
  a rust monster
 an owlbear
  a lizard
  a dog
  2 blue jellies
  a white unicorn
  2 gray unicorns
  a black unicorn
  3 dust vortices
  2 snakes
  a Woodland-elf
  6 soldier ants
  2 imps
  a quasit
  a wood nymph
  2 water nymphs
 12 Uruk-hai
  a rock piercer
  2 rock moles
  2 yellow lights
  a violet fungus
  6 gnome leaders
  a gnomish wizard
  3 kobold mummies
  a red naga hatchling
  a black naga hatchling
  a golden naga hatchling
  2 gray oozes
  a barrow wight
  3 ghouls
  a straw golem
  a paper golem
 13 giant ants
  2 little dogs
  4 floating eyes
  3 kittens
  5 dwarves
  a homunculus
  7 hill orcs
  4 rothes
  a rabid rat
  a centipede
  2 giant bats
  3 monkeys
  2 orc zombies
  a werejackal
  5 iguanas
  a killer bee
 an acid blob
  5 gas spores
  3 hobbits
  a large kobold
  a hobgoblin
  5 giant rats
  a cave spider
  2 yellow molds
  a green mold
  3 red molds
 18 gnomes
  8 geckos
  6 jackals
  2 foxes
  6 kobolds
  2 goblins
  7 sewer rats
  6 grid bugs
  4 lichens
  5 kobold zombies
 11 newts
237 creatures vanquished.

No species were genocided or became extinct.

Game over:
                       ----------
                      /          \
                     /    REST    \
                    /      IN      \
                   /     PEACE      \
                  /                  \
                  |  IceCreamJones   |
                  |      73 Au       |
                  | killed by a warg |
                  |                  |
                  |                  |
                  |                  |
                  |       2026       |
                 *|     *  *  *      | *
        _________)/\\_//(\/(/\)/\//\/|_)_______

Goodbye IceCreamJones the Priest...

You died in Sokoban on dungeon level 3 with 11584 points,
and 73 pieces of gold, after 10866 moves.
You were level 8 with a maximum of 60 hit points when you died.

